 Dungeon Crawl Stone Soup version 0.32-a0-665-g3d30ec2550 (webtiles) character file.

Game seed: 13224176144011685453

33 Goblin1989 the Sneak (level 3, 0/29 HPs)
             Began as a Demonspawn Delver on Mar 9, 2024.
             Was an Initiate of Makhleb.
             Slain by a river rat (7 damage)
             ... in a sewer.
             The game lasted 00:02:07 (224 turns).

Goblin1989 the Sneak (Demonspawn Delver)             Turns: 224, Time: 00:02:08

Health: 0/29       AC:  3    Str: 14    XL:     3   Next: 12%
Magic:  3/3        EV: 11    Int: 10    God:    Makhleb [......]
Gold:   0          SH:  0    Dex: 14    Spells: 2/2 levels left

rFire   . . .        a - +0 mace
rCold   . . .        (no shield)
rNeg    . . .        b - +0 leather armour
rPois   .            (helmet restricted)
rElec   .            (no cloak)
rCorr   .            (no gloves)
SInv    .            (no boots)
Will    .....        (no amulet)
Stlth   ++           (no ring)
HPRegen 0.24/turn    (no ring)
MPRegen 0.08/turn

%: no passive effects
@: hasted, very quick
A: horns 1, foul stench 1
a: Renounce Religion


You were in a sewer.
You worshipped Makhleb.
Makhleb was noncommittal.
You visited 1 branch of the dungeon, and saw 1 of its levels.
You also visited: Sewer.

Inventory:

Hand Weapons
 a - a +0 mace (weapon)
Armour
 b - a +0 leather armour (worn)
Wands
 g - a wand of digging (3) {@v3}
Scrolls
 c - a scroll of fog
 d - a scroll of revelation
 e - a scroll of fear


   Skills:
 - Level 3.0 Fighting
 + Level 3.3 Maces & Flails
 - Level 1.7 Dodging
 - Level 4.5 Stealth


You had 2 spell levels left.
You didn't know any spells.
Your spell library was empty.

Dungeon Overview and Level Annotations

Branches:
Dungeon (5/15) Zot: 5845    Sewer (1/1) Zot: 5909
 Temple: D:4-7

Altars:
Makhleb


Innate Abilities, Weirdness & Mutations

You have a pair of small horns on your head.
You may rarely emit foul miasma when damaged in melee.


Message History

You enter the shallow water.
Moving in this stuff is going to be slow.
The rat squeaks loudly.
You hear a loud squeak.
The rat bites you but does no damage.
Your unstable footing causes you to fumble your attack.
The rat barely misses you.
Your unstable footing causes you to fumble your attack.
The rat bites you but does no damage.
You closely miss the rat. Your headbutt misses the rat.
The rat closely misses you. The rat barely misses you.
You barely miss the rat. You headbutt the rat.
You kill the rat!
Makhleb accepts your kill.
No target in view!
No target in view!
No target in view!
No target in view!
No target in view!
No target in view!
No target in view! 2 rats come into view.
You enter the shallow water.
Moving in this stuff is going to be slow.
What are your orders? t - Shout!
Orders for allies: a - Attack new target. r - Retreat! s - Stop attacking. g - Guard the area. f - Follow me.
Anything else - Cancel.
You shout for attention!
You hear a loud squeak. x2; You hear an angry hiss.
What are your orders? t - Shout!
Orders for allies: a - Attack new target. r - Retreat! s - Stop attacking. g - Guard the area. f - Follow me.
Anything else - Cancel.
You shout for attention!
You hit the river rat but do no damage. Your headbutt misses the river rat.
The river rat barely misses you.
You closely miss the river rat. Your headbutt misses the river rat.
The river rat closely misses you. The river rat bites you!
You barely miss the river rat. The river rat barely misses you.
You take 8 damage, and have 21/29 hp.
MASSIVE DAMAGE!!
You hit the river rat.
The river rat is moderately wounded.
The river rat completely misses you.
You hit the river rat but do no damage.
You headbutt the river rat, but do no damage.
The river rat is moderately wounded.
The river rat misses you.
You barely miss the river rat.
The river rat is moderately wounded.
The river rat bites you.
You take 2 damage, and have 20/29 hp.
You closely miss the river rat.
The river rat is moderately wounded.
The river rat bites you!
* * * LOW HITPOINT WARNING * * *
The river rat bites you!
* * * LOW HITPOINT WARNING * * *
You are too injured to fight recklessly!
You are too injured to fight recklessly!
You are too injured to fight recklessly!
You take 15 damage, and have 5/29 hp.
MASSIVE DAMAGE!!
You are too injured to fight recklessly!
You are too injured to fight recklessly!
You are too injured to fight recklessly!
You are too injured to fight recklessly!
You are too injured to fight recklessly!
You are too injured to fight recklessly!
You are too injured to fight recklessly!
You are too injured to fight recklessly!
You are too injured to fight recklessly!
You are too injured to fight recklessly!
You are too injured to fight recklessly!
You are too injured to fight recklessly!
You are too injured to fight recklessly!
You are too injured to fight recklessly!
You are too injured to fight recklessly!
You are too injured to fight recklessly!
You are too injured to fight recklessly!
You closely miss the river rat.
The river rat is moderately wounded.
The river rat closely misses you.
Okay, then.
You feel yourself speed up.
The river rat bites you but does no damage.
You barely miss the river rat.
The river rat is moderately wounded.
The river rat barely misses you.
You hit the river rat but do no damage.
The river rat is moderately wounded.
The river rat barely misses you.
You barely miss the river rat.
You headbutt the river rat, but do no damage.
The river rat is moderately wounded.
You closely miss the river rat.
The river rat is moderately wounded.
The river rat bites you!
You die... r ██r

..r ██
██ █~█
.█.
█.██.█
█~█~█


██r██ █r█.█ ███████@████████████████ ≈~!~..~~~~~....~.~~~~.~~
≈~?..~.~...~~~..~~.~~~.~ ████████████████████████ You could see a river rat and
a rat.

Vanquished Creatures
  An iguana (D:5)
  A dart slug (D:5)
  4 jackals (D:5)
  3 rats (Sewer)
9 creatures vanquished.

Notes
Turn   | Place    | Note
-------+----------+-------------------------------------------
     0 | D:5      | Goblin1989 the Demonspawn Delver began the quest for the
                  | Orb.
     0 | D:5      | Reached XP level 1. HP: 18/18 MP: 1/1
     0 | D:5      | Upgraded the game from 0.32-a0-656-g3542139ebd to
                  | 0.32-a0-665-g3d30ec2550
     4 | D:5      | Noticed a hound
    21 | D:5      | Found a burning altar of Makhleb.
    29 | D:5      | Became a worshipper of Makhleb the Destroyer
    57 | D:5      | Gained mutation: You have a pair of small horns on your
                  | head. [demonic ancestry]
    57 | D:5      | Reached XP level 2. HP: 17/24 MP: 2/2
    71 | D:5      | Found a glowing drain.
    86 | D:5      | Gained mutation: You may rarely emit foul miasma when
                  | damaged in melee. [demonic ancestry]
    86 | D:5      | Reached XP level 3. HP: 9/29 MP: 3/3
   143 | Sewer    | Entered a sewer
   224 | Sewer    | Slain by a river rat

Illustrated notes

Levels and vault maps discovered:
D:5:      layout_basic, mainiacjoe_overflow_six_doors_small,
          mainiacjoe_sewer_entry_somewhere_in_here_1, uniq_sigmund
Sewer:    sewer_co_cracked_pipes

Skill      XL: |  1  2 |
---------------+-------+-----
Maces & Flails | 2 3 |  3.3
Fighting       | |  3.0
Dodging        | |  1.7
Stealth        | |  4.5

Action                     || total
---------------------------++-------
  Melee: Mace              ||    44
         Headbutt          ||     3
    Use: Potion            ||     1
   Stab: Sleeping          ||     4
 Armour: Leather armour    ||    24
  Dodge: Dodged            ||    26

Table legend: (Time is in decaauts)
 A = Elapsed time spent in this place.
 B = Non-inter-level travel time spent in this place.
 C = Inter-level travel time spent in this place.
 D = Time resting spent in this place.
 E = Time spent auto-exploring this place.
 F = Levels seen in this place.
 G = Mean time per level.
                   A        B        C        D        E       F      G
               +--------+--------+--------+--------+--------+-----+--------+
         Total |    243 |    243 |      0 |     79 |     31 |   2 |  121.5 |
       Dungeon |    154 |    154 |      0 |     56 |      0 |   1 |  154.0 |
         Sewer |     89 |     89 |      0 |     23 |     31 |   1 |   89.0 |
               +--------+--------+--------+--------+--------+-----+--------+

Top non-repeatable levels by time:
     D:5: 154 daAuts
   Sewer: 89 daAuts
